 Dungeon Crawl Stone Soup version 0.30-a0-141-g30f27751c5 (webtiles) character file.

Game seed: 13354305408369811620

2 greasedhog the Caller (level 1, 0/10 HPs)
             Began as a Gargoyle Summoner on Sept 25, 2022.
             Slain by a jackal (1 damage)
             ... on level 1 of the Dungeon.
             The game lasted 00:00:20 (27 turns).

greasedhog the Caller (Gargoyle Summoner)             Turns: 27, Time: 00:00:21

Health: 0/10       AC:  4    Str: 11    XL:     1   Next: 40%
Magic:  1/3        EV: 11    Int: 15    God:
Gold:   18         SH:  0    Dex: 10    Spells: 3/4 levels left

rFire   . . .      SeeInvis .    (no weapon)
rCold   . . .      Faith    .    (no shield)
rNeg    + . .      Spirit   .    a - +0 robe
rPois   ∞          Reflect  .    (no helmet)
rElec   +          Harm     .    (no cloak)
rCorr   .          Rampage  .    (no gloves)
Will    .....                    (no boots)
Stlth   ++........               (no amulet)
HPRegen 0.03/turn                (no ring)
MPRegen 0.08/turn                (no ring)

@: no status effects
A: sickness immunity, AC +2, negative energy resistance 1, electricity
resistance, torment resistance 1, petrification resistance
a: no special abilities


You were on level 1 of the Dungeon.
You visited 1 branch of the dungeon, and saw 1 of its levels.

You collected 18 gold pieces.

Inventory:

Armour
 a - a +0 robe (worn)
Potions
 b - a potion of magic


   Skills:
 * Level 0.2 Fighting
 - Level 1.5 Dodging
 - Level 2.1 Stealth
 * Level 2.0 Spellcasting
 * Level 3.6 Summonings


You had 3 spell levels left.
You knew the following spells:

 Your Spells              Type           Power      Damage    Failure   Level
a - Summon Small Mammal   Summ           48%        N/A       4%          1

Your spell library contained the following spells:

 Spells                   Type           Power      Damage    Failure   Level
 Call Imp                 Summ           12%        N/A       8%          2
 Call Canine Familiar     Summ           12%        N/A       14%         3
 Summon Guardian Golem    Hex/Summ       7%         N/A       30%         3
 Summon Lightning Spire   Summ/Air       7%         N/A       71%         4


Dungeon Overview and Level Annotations

Branches:
Dungeon (1/15)

Altars:


Innate Abilities, Weirdness & Mutations

You are immune to sickness and miasma.
Your stone body is resilient. (AC +2)
You are immune to poison.
You resist negative energy. (rN+)
You are resistant to electric shocks. (rElec)
You are resistant to unholy torment.
You are immune to petrification.


Message History

The jackal barely misses you.
The jackal bites you but does no damage.
The jackal barely misses you.
Your rat bites the jackal.
The jackal dies!
You closely miss the jackal. The jackal bites you. x2
* * * LOW HITPOINT WARNING * * *
The jackal bites you but does no damage.
The jackal closely misses you.
Your rat barely misses the giant cockroach.
Unknown command.
The giant cockroach attacks as you move away!
The giant cockroach bites you but does no damage.
The giant cockroach barely misses you.
Your rat completely misses the jackal.
You enter the shallow water.
Moving in this stuff is going to be slow.
The jackal bites you but does no damage.
The giant cockroach attacks as you move away!
The giant cockroach barely misses you. The jackal attacks as you move away!
The jackal bites you but does no damage.
The jackal bites you.
* * * LOW HITPOINT WARNING * * *
You hit the jackal.
The jackal is heavily wounded.
The giant cockroach closely misses you.
The jackal bites you but does no damage.
The jackal barely misses you. The kobold completely misses your rat.
You hit the jackal but do no damage.
The jackal is heavily wounded.
The jackal bites you but does no damage.
The giant cockroach closely misses you. The jackal barely misses you.
Your rat bites the jackal.
The kobold hits your rat with a +0 dagger.
Your rat dies!
Your rat's corpse disappears in a puff of smoke!
The jackal barely misses you. The giant cockroach closely misses you.
The jackal misses you.
Casting: Summon Small Mammal (safe; 4% risk of failure)
Confirm with . or Enter, or press ? or * to list all spells.
The jackal bites you.
You die...

.. .... ## ##.## ###...
..####...####.......>...
....#..~..#.....#.......
..~....~....~..8#......##
...~..~~~..~...##........
....~~~~~~~...h.#......#
..~~~~...~~~~@h.§......#
~~~~~..<..~~r~BK§.......
..~~~~...~~~~......#.#
....~~~~~~~.....#.†..#
...~..~~~..~...##........
..~....~....~..8#.#......
....#..~..#.....#.....###
..####...####...... ###
## ##.## ###....#


You could see 2 jackals, a giant cockroach, a kobold and a friendly rat
(summoned).

Vanquished Creatures (collateral kills)
  2 jackals (D:1)
2 creatures vanquished.

Notes
Turn   | Place    | Note
-------+----------+-------------------------------------------
     0 | D:1      | greasedhog the Gargoyle Summoner began the quest for the
                  | Orb.
     0 | D:1      | Reached XP level 1. HP: 10/10 MP: 3/3
    27 | D:1      | Slain by a jackal

Illustrated notes

Levels and vault maps discovered:
D:1:      eino_arrival_water_star, layout_rooms,
          dreamdust_ecumenical_altar_drowned_temple

Action                   || total
-------------------------++-------
Melee: Unarmed           ||    10
 Cast: Summon Small Mamm ||     3
Armor: Robe              ||    11
Dodge: Dodged            ||    20

Table legend: (Time is in decaauts)
 A = Elapsed time spent in this place.
 B = Non-inter-level travel time spent in this place.
 C = Inter-level travel time spent in this place.
 D = Time resting spent in this place.
 E = Time spent auto-exploring this place.
 F = Levels seen in this place.
 G = Mean time per level.
                   A        B        C        D        E       F      G
               +--------+--------+--------+--------+--------+-----+--------+
         Total |     28 |     28 |      0 |      0 |      7 |   1 |   28.0 |
       Dungeon |     28 |     28 |      0 |      0 |      7 |   1 |   28.0 |
               +--------+--------+--------+--------+--------+-----+--------+

Top non-repeatable levels by time:
     D:1: 28 daAuts
